Map: Ulrena

Players

Zerg

  • Race: Zerg Zerg
  • League: Diamond

ILLBdA - Winner!

  • Race: Protoss Protoss
  • League: Diamond

VOD

Have the link to the VOD?

Description

Time

  • Played on: Dec. 30, 2015, 5:43 a.m.
  • Length: 12:26
Show
View Real Time Build Order
Export as new Build Order

Zerg Zerg 

Build Orders: Pool First 

Get SALT Encoding   

  12  0:01  Drone  
  13  0:13  Drone  
  14  0:28  Spawning Pool  
  13  0:36  Drone  
  14  0:58  Hatchery  
  13  1:05  Overlord  
  13  1:15  Extractor x2  
  11  1:19  Zergling x4  
  11  1:23  Zergling x2  
  16  1:34  Zergling x2  
  17  1:45  Drone  
  18  1:51  Drone  
  19  2:09  Hatchery, Evolution Chamber  
  18  2:18  Drone x2  
  20  2:37  Drone x2  
  20  2:44  Hatchery  
  21  2:55  Drone  
  21  3:02  Overlord  
  21  3:10  Drone  
  22  3:19  Overlord  
  22  3:23  Extractor  
  22  3:24  Extractor  
  20  3:30  Drone  
  20  3:39  Drone  
  20  3:40  Drone x2  
  22  3:54  Drone  
  22  3:55  Drone x2  
  25  3:56  Queen  
  25  3:57  Queen x2  
  31  4:03  Drone x2  
  31  4:05  Roach Warren  
  32  4:11  Metabolic Boost  
  32  4:16  Zergling x4  
  34  4:22  Zergling x4  
  34  4:23  Zergling x2  
  36  4:28  Zergling x2  
  36  4:30  Zergling x2  
  38  4:31  Zergling x2  
  39  4:42  Zergling x2  
  39  4:43  Zergling x4  
  42  4:54  Roach x3  
  48  5:01  Drone x2  
  50  5:10  Overlord x2  
  50  5:16  Overlord  
  50  5:20  Overlord  
  50  5:30  Ravager  
  50  5:31  Ravager x2  
  50  5:33  Drone x3  
  56  5:41  Drone x4  
  60  5:56  Drone  
  60  5:57  Drone x5  
  64  6:28  Roach x4  
  64  6:29  Overlord  
  64  6:30  Overlord x2  
  70  6:45  Roach x2  
  70  6:46  Overlord x2, Roach  
  70  6:47  Overlord  
  74  6:55  Overlord x2  
  74  6:58  Drone x5  
  74  6:59  Drone  
  80  7:01  Ravager  
  80  7:02  Ravager x2  
  80  7:03  Extractor  
  80  7:05  Extractor  
  81  7:13  Roach  
  81  7:14  Roach x2  
  87  7:17  Lair  
  87  7:29  Spawning Pool  
  86  7:49  Roach  
  86  7:50  Roach x8  
  82  8:06  Roach x6  
  82  8:10  Roach  
  84  8:17  Roach  
  71  8:20  Zergling x8  
  71  8:26  Roach  
  52  8:41  Roach  
  52  8:42  Roach x2  
  52  8:48  Roach  
  54  8:54  Ravager  
  54  8:55  Ravager x3  
  57  8:56  Zergling x2  
  57  8:57  Zergling x4  
  57  9:01  Zergling x2  
  58  9:09  Zergling x8  
  37  9:19  Roach  
  37  9:23  Zergling x2  
  34  9:26  Roach  
  34  9:40  Lair  
  34  9:43  Ravager x2  
  35  9:49  Roach  
  35  9:50  Roach  
  35  9:52  Ravager  
  40  9:55  Drone  
  39  10:17  Ravager  
  40  10:25  Ravager  
  41  10:29  Hatchery  
  40  10:37  Roach x3  
Show
View Real Time Build Order
Export as new Build Order

ILLBdA Protoss - Winner!

Build Orders:  

Get SALT Encoding   

  12  0:00  Probe (Chrono Boost)  
  13  0:11  Probe (Chrono Boost)  
  14  0:22  Probe (Chrono Boost), Pylon  
  15  0:40  Probe (Chrono Boost)  
  15  0:41  Forge  
  16  0:51  Probe (Chrono Boost)  
  17  1:03  Pylon  
  18  1:04  Probe (Chrono Boost)  
  18  1:13  Pylon  
  18  1:15  Probe (Chrono Boost)  
  19  1:22  Photon Cannon  
  19  1:31  Photon Cannon  
  19  1:33  Probe (Chrono Boost)  
  20  1:40  Gateway  
  20  1:48  Probe (Chrono Boost)  
  20  1:50  Pylon  
  21  2:02  Assimilator  
  21  2:07  Assimilator  
  21  2:19  Photon Cannon  
  21  2:20  Gateway  
  21  2:29  Zealot  
  23  2:32  Cybernetics Core  
  23  2:37  Probe (Chrono Boost)  
  23  2:43  Pylon  
  24  2:47  Pylon  
  24  2:54  Pylon  
  24  2:55  Gateway  
  24  2:59  Zealot (Chrono Boost)  
  23  3:10  Mothership Core  
  24  3:22  Gateway  
  24  3:23  Stalker (Chrono Boost)  
  26  3:42  Pylon  
  26  3:43  Warp Gate  
  26  3:50  Stalker (Chrono Boost)  
  28  4:03  Nexus  
  28  4:13  Probe (Chrono Boost), Robotics Facility  
  29  4:20  Sentry (Chrono Boost)  
  31  4:25  Probe (Chrono Boost)  
  32  4:36  Probe (Chrono Boost)  
  33  4:46  Probe (Chrono Boost)  
  33  4:52  Pylon  
  34  4:54  Sentry  
  34  4:57  Probe (Chrono Boost)  
  37  5:05  Immortal (Chrono Boost)  
  41  5:07  Probe (Chrono Boost)  
  42  5:15  Probe  
  42  5:19  Probe  
  44  5:23  Gateway  
  44  5:28  Probe  
  44  5:35  Gateway  
  45  5:44  Immortal (Chrono Boost)  
  45  5:48  Sentry  
  51  6:00  Gateway  
  51  6:17  Warp Prism (Chrono Boost)  
  53  6:26  Probe  
  53  6:29  Sentry x2  
  58  6:32  Pylon  
  58  6:35  Assimilator  
  58  6:36  Assimilator  
  58  6:52  Gateway  
  58  6:53  Gateway  
  58  6:55  Immortal (Chrono Boost)  
  58  6:58  Probe  
  58  7:01  Sentry  
  65  7:08  Zealot  
  65  7:09  Zealot x2  
  71  7:29  Observer (Chrono Boost)  
  66  7:30  Sentry  
  66  7:31  Sentry x2, Zealot  
  74  7:53  Zealot x2  
  74  7:58  Sentry  
  78  8:01  Stalker  
  78  8:02  Stalker  
  74  8:10  Sentry  
  66  8:20  Sentry, Zealot  
  66  8:33  Sentry  
  66  8:38  Zealot  
  62  8:41  Zealot  
  62  8:45  Zealot  
  62  8:47  Immortal (Chrono Boost)  
  68  8:49  Zealot x2  
  72  8:58  Stalker  
  72  9:00  Stalker  
  76  9:06  Stalker  
  72  9:20  Zealot x2  
  74  9:28  Probe  
  75  9:37  Zealot x2  
  79  9:42  Zealot  
  81  9:45  Sentry  
  83  9:53  Sentry  
  85  10:23  Probe  
  86  10:35  Nexus  
  86  10:38  Pylon  
  76  10:44  Zealot x5  
  84  10:58  Stalker  
  84  11:00  Probe  
  84  11:12  Stalker x2  
  84  11:23  Sentry  
  84  11:27  Pylon x2  
  84  11:29  Probe  
  84  11:38  Pylon  
  84  11:43  Probe  
  84  11:46  Probe  
  84  12:00  Probe  
  84  12:02  Probe  
  84  12:03  Sentry x6  
Tags
 
Matchup
PvZ
Opening
Pool First
Replay Pack
me
Add a new tag
Caveats
  • Supply blocks, unpowered buildings, or Contaminate may cause inaccurate times.
  • Supply counts are checked every 10 seconds.